Map: Tiefseeriff LE

Players

rotespferd - Winner!

  • Race: Protoss Protoss
  • Spawn Location: 11:00

K.I.-1 (Schwer)

  • Race: Zerg Zerg
  • Spawn Location: 5:00

VOD

Have the link to the VOD?

Description

Time

  • Played on: Nov. 17, 2017, 12:17 p.m.
  • Length: 10:43
Show
View Real Time Build Order
Export as new Build Order

rotespferd Protoss - Winner!

Build Orders:  

Get SALT Encoding   

  12  0:03  Probe  
  13  0:15  Probe  
  14  0:23  Pylon  
  14  0:27  Probe  
  15  0:44  Gateway  
  15  0:47  Probe (Chrono Boost)  
  16  0:54  Assimilator  
  17  0:58  Probe (Chrono Boost)  
  17  1:01  Probe  
  17  1:02  Pylon  
  18  1:13  Probe (Chrono Boost)  
  19  1:24  Assimilator  
  20  1:25  Probe (Chrono Boost)  
  20  1:28  Probe  
  20  1:32  Zealot  
  23  1:40  Probe  
  23  1:42  Pylon  
  23  1:44  Gateway  
  24  1:52  Probe  
  25  2:05  Zealot  
  27  2:14  Cybernetics Core  
  27  2:32  Nexus  
  27  2:51  Warp Gate (Chrono Boost)  
  27  2:55  Pylon  
  27  3:02  Stalker  
  27  3:04  Zealot  
  31  3:20  Gateway  
  31  3:21  Gateway  
  31  3:31  Zealot  
  33  3:47  Probe (Chrono Boost)  
  34  3:55  Sentry  
  37  3:58  Probe (Chrono Boost)  
  37  4:01  Probe  
  38  4:34  Probe  
  39  4:39  Pylon  
  39  4:46  Probe  
  39  4:48  Twilight Council  
  39  4:50  Robotics Facility  
  40  4:58  Probe  
  45  5:00  Stalker  
  47  5:11  Probe  
  44  5:22  Assimilator  
  44  5:23  Probe (Chrono Boost)  
  44  5:24  Assimilator  
  45  5:34  Nexus  
  45  5:35  Probe (Chrono Boost)  
  46  5:36  Stalker  
  46  5:37  Stalker, Pylon  
  46  5:38  Zealot  
  46  5:39  Pylon  
  46  5:40  Probe (Chrono Boost)  
  46  5:42  Observer  
  54  5:49  Probe  
  55  5:55  Stalker  
  57  6:02  Pylon  
  57  6:03  Observer  
  58  6:16  Stalker x2  
  58  6:17  Zealot  
  64  6:31  Immortal  
  62  6:36  Probe  
  57  6:44  Zealot x2  
  57  6:48  Probe  
  52  7:00  Probe  
  49  7:11  Immortal  
  51  7:19  Probe (Chrono Boost)  
  52  7:31  Probe x2 (Chrono Boost)  
  52  7:33  Stalker, Probe  
  52  7:34  Stalker x3, Probe  
  62  7:40  Gateway  
  62  7:42  Gateway  
  62  7:46  Probe  
  62  7:47  Probe  
  62  7:50  Immortal  
  68  7:58  Zealot, Forge, Probe  
  69  7:59  Zealot x3  
  77  8:22  Zealot x4  
  79  8:29  Immortal  
  78  8:59  Probe (Chrono Boost)  
  80  9:06  Stalker x2, Probe (Chrono Boost)  
  80  9:07  Zealot  
  80  9:08  Zealot x3, Immortal  
  98  9:10  Probe x2 (Chrono Boost)  
  98  9:11  Photon Cannon  
  98  9:12  Photon Cannon  
  98  9:16  Photon Cannon  
  98  9:43  Zealot x3  
  98  9:44  Stalker  
  98  9:45  Stalker  
  106  10:00  Stalker  
  106  10:13  Pylon x2  
  106  10:15  Pylon  
  106  10:17  Pylon  
  106  10:21  Zealot  
Show
View Real Time Build Order
Export as new Build Order

K.I.-1 (Schwer) Zerg 

Build Orders: Pool First 

Get SALT Encoding   

  12  0:01  Drone  
  13  0:12  Overlord  
  13  0:16  Drone  
  14  0:31  Drone  
  14  0:32  Drone  
  16  0:42  Spawning Pool  
  15  0:45  Drone  
  15  0:48  Drone  
  17  0:51  Extractor  
  17  0:56  Drone  
  17  1:06  Overlord  
  17  1:30  Queen  
  17  1:31  Zergling x2  
  20  1:37  Roach Warren  
  20  1:38  Drone  
  20  1:42  Extractor, Zergling x2  
  20  1:49  Drone  
  21  2:00  Drone  
  22  2:10  Overlord  
  22  2:21  Drone  
  23  2:32  Roach  
  25  2:37  Drone  
  25  2:43  Roach  
  28  2:45  Overlord  
  28  2:54  Roach  
  30  3:04  Roach  
  32  3:10  Overlord  
  32  3:15  Roach  
  34  3:26  Roach  
  36  3:36  Roach  
  36  3:40  Overlord  
  38  3:45  Drone  
  38  3:47  Roach  
  38  3:48  Drone  
  42  3:52  Drone  
  43  3:56  Drone  
  44  4:06  Drone  
  45  4:12  Roach, Baneling Nest, Drone  
  45  4:14  Drone  
  48  4:19  Evolution Chamber  
  48  4:21  Drone  
  48  4:29  Roach  
  50  4:39  Roach  
  52  4:50  Roach  
  54  6:16  Zergling x2  
  54  6:25  Overlord  
  54  6:26  Burrow, Zerg Melee Weapons Level 1  
  54  6:27  Evolution Chamber  
  54  6:29  Spore Crawler  
  54  6:30  Spore Crawler  
  48  6:33  Drone  
  35  6:50  Roach  
  35  6:52  Zerg Missile Weapons Level 1  
  35  6:54  Spine Crawler  
  35  6:55  Drone  
  35  6:57  Spine Crawler, Drone  
  33  7:01  Roach  
  33  7:02  Hatchery  
  33  7:05  Drone  
  35  7:12  Roach  
  32  7:23  Zergling x2  
  33  7:34  Roach  
  35  7:37  Queen  
  37  7:44  Ravager  
  37  7:45  Roach, Ravager  
  41  7:56  Roach  
  43  8:06  Ravager  
  43  8:07  Roach  
  46  8:13  Lair  
  46  8:14  Drone  
  46  8:15  Drone  
  46  8:17  Drone  
  46  8:18  Drone  
  50  8:20  Zerg Ground Armor Level 1  
  50  8:21  Drone  
  50  8:23  Extractor  
  45  8:29  Drone  
  45  8:31  Drone  
  39  8:36  Roach, Spore Crawler, Drone  
  39  8:37  Spore Crawler  
  39  8:40  Drone  
  39  8:41  Drone  
  37  8:46  Zergling x2  
  35  8:50  Zergling x2  
  35  8:53  Zergling x2  
  30  9:04  Roach  
  32  9:11  Overseer  
  32  9:12  Overseer  
  32  9:16  Spire  
  28  9:17  Drone  
  28  9:19  Hydralisk Den, Drone  
  28  9:20  Zergling x2  
  31  9:24  Zergling x2  
  31  9:28  Roach, Drone  
  34  9:33  Drone  
  32  9:41  Drone  
  33  9:47  Hatchery  
  33  9:51  Hydralisk  
  32  9:55  Zergling x2  
  30  10:18  Hydralisk  
  12  10:34  Hatchery  
Tags
 
Matchup
PvZ
Opening
Pool First
Spawn Locations
Cross Positions
Add a new tag
Caveats
  • Supply blocks, unpowered buildings, or Contaminate may cause inaccurate times.
  • Supply counts are checked every 10 seconds.